Match 41968179
Unlisted

Match 41968179
End
Construct Section Command Post
Selects Air and Sea Battlegroup
Dingo Light Scout Car
Infantry Section
Infantry Section
Vickers Machine Gun Team
Construct Platoon Command Post
6-pounder Anti-tank Gun Team
Selects Commando Section Paradrop
Selects M1 Pack Howitzer Paradrop
ML 3-inch Mortar Team
M1 Pack Howitzer Paradrop
Construct Field Infirmary
Infantry Training
6-pounder Anti-tank Gun Team
Grenade Package
Hellfish
Jopjahh
0
0

Comments sign in to comment!

No comments posted yet!